 Dungeon Crawl Stone Soup version 0.25-a0-413-g3b4b6a4ccc (webtiles) character file.

Game seed: 18006086605508475394, levelgen mode: deterministic

19 Gogs the Skirmisher (level 2, -1/24 HPs)
             Began as a Human Berserker on Jan 17, 2020.
             Was a Follower of Trog.
             Slain by a goblin (2 damage)
             ... on level 1 of the Dungeon.
             The game lasted 00:02:50 (399 turns).

Gogs the Skirmisher (Human Berserker)                Turns: 399, Time: 00:02:50

Health: -1/24      AC:  2    Str: 17    XL:     2   Next: 95%
Magic:  2/2        EV: 12    Int:  7    God:    Trog [*.....]
Gold:   42         SH:  0    Dex: 12    Spells: 1/1 levels left

rFire    . . .     SeeInvis .   a - +0 mace
rCold    . . .     Gourm    .   (no shield)
rNeg     . . .     Faith    .   b - +0 animal skin
rPois    .         Spirit   .   (no helmet)
rElec    .         Reflect  .   (no cloak)
rCorr    .         Harm     .   (no gloves)
MR       .....                  (no boots)
Stlth    +.........             (no amulet)
HPRegen  0.08/turn              (no ring)
MPRegen  0.08/turn              (no ring)

@: no status effects
A: no striking features
a: Berserk, Renounce Religion


You were on level 1 of the Dungeon.
You worshipped Trog.
Trog was aware of your devotion.
You were not hungry.

You visited 1 branch of the dungeon, and saw 1 of its levels.

You collected 42 gold pieces.

Inventory:

Hand Weapons
 a - a +0 mace (weapon)
Missiles
 e - 19 stones (quivered)
Armour
 b - a +0 animal skin (worn)
 h - a cursed +0 chain mail
 l - a +0 chain mail
Scrolls
 d - a scroll of magic mapping {unknown}
 i - a scroll of blinking {unknown}
 j - a scroll of teleportation {unknown}
 k - a scroll of identify {unknown}
Potions
 g - a potion of brilliance {unknown}
 m - a potion of resistance {unknown}
Comestibles
 c - 2 rations
 f - 3 chunks of flesh


   Skills:
 + Level 3.2 Fighting
 + Level 3.2 Maces & Flails
 + Level 2.3 Armour
 + Level 2.3 Dodging


You had one spell level left.
You didn't know any spells.
Your spell library was empty.

Dungeon Overview and Level Annotations

Branches:
Dungeon (1/15)

Altars:


Message History

The goblin barely misses you.
You barely miss the goblin. The goblin hits you but does no damage.
You hit the goblin.
The goblin is almost dead.
The frilled lizard barely misses you. The goblin completely misses you. x2
You closely miss the frilled lizard. The goblin closely misses you.
The frilled lizard bites you.
* * * LOW HITPOINT WARNING * * *
The goblin hits you with a +0 dagger.
* * * LOW HITPOINT WARNING * * *
The frilled lizard barely misses you. The goblin barely misses you.
You hit the frilled lizard but do no damage.
The goblin hits you but does no damage. The frilled lizard bites you.
* * * LOW HITPOINT WARNING * * *
The goblin hits you.
* * * LOW HITPOINT WARNING * * *
The goblin misses you. The goblin hits you.
You die...

#.## ....# ...# #.#..
#..# ...#.# #..#
..#>..########..####
...................##
....................#
.......).@##....##..#
###
.........gl.....)...#
..##
.##..##.###g...###..#
...# # #.#
#......#..# #..#
.........#.#..# ...#
##.###.#....#).# ...#
#.# #.#.#.##..# ...#
#.###.#.#.#...# ...#
#...............#


You could see 2 goblins and a frilled lizard.

Vanquished Creatures
  An ooze (D:1)
  A dart slug (D:1)
  4 goblins (D:1)
  A hobgoblin (D:1)
  2 kobolds (D:1)
  2 bats (D:1)
  A frilled lizard (D:1)
  A rat (D:1)
13 creatures vanquished.

Notes
Turn   | Place    | Note
-------+----------+-------------------------------------------
     0 | D:1      | Gogs the Human Berserker began the quest for the Orb.
     0 | D:1      | Reached XP level 1. HP: 18/18 MP: 1/1
    48 | D:1      | Reached XP level 2. HP: 17/24 MP: 2/2
   398 | D:1      | HP: 1/24 [goblin (1)]
   399 | D:1      | Slain by a goblin

Levels and vault maps discovered:
D:1:      shiori_arrival_elements, layout_loops_ring, minmay_misc_feat_encased

Action                   || total
-------------------------++-------
Melee: Mace              ||    46
Armor: Animal skin       ||    10
Dodge: Dodged            ||    60

Table legend:
 A = Non-vault XP
 B = Vault XP
 C = Vault XP percentage of total XP
 D = Non-vault monster count
 E = Vault monster count
 F = Vault count percentage of total count
                 A         B        C        D         E       F
            +---------+---------+-------+---------+---------+-------
      Total |      28 |       0 |   0.0 |      13 |       0 |   0.0
            +---------+---------+-------+---------+---------+-------
        D:1 |      28 |       0 |   0.0 |      13 |       0 |   0.0
            +---------+---------+-------+---------+---------+-------
